 Dungeon Crawl Stone Soup version 0.18.1-47-g9310371 (webtiles) character file.

329422 nikopol the Phalangite (level 20, -4/184 HPs)
             Began as a Minotaur Berserker on June 21, 2016.
             Was the Champion of Trog.
             Slain by a vault warden
             ... wielding a +0 war axe
              (25 damage)
             ... on level 2 of the Vaults on June 22, 2016.
             The game lasted 04:06:48 (52789 turns).

nikopol the Phalangite (Minotaur Berserker)        Turns: 52789, Time: 04:06:49

Health: -4/184     AC: 27    Str: 26    XL:     20   Next: 82%
Magic:  19/19      EV: 26    Int:  2    God:    Trog [******]
Gold:   2749       SH:  0    Dex: 18    Spells: 0 memorised, 19 levels left

rFire  . . .     SeeInvis +     x - +4 glaive "Vaokhom" {chop, +Rage rN+}
rCold  . . .     Gourm    .     d - +6 scale mail of Exclusion {rPois rN+ rCorr Int-2}
rNeg   + + .     Faith    .     (shield currently unavailable)
rPois  +         Spirit   .     (helmet restricted)
rElec  .         Dismiss  +     H - +2 cloak
rCorr  +         Reflect  .     z - +2 pair of gloves {Str+3}
SustAt .         Harm     .     y - +2 pair of boots
MR     +....                    i - amulet of dismissal
Stlth  ..........               X - +4 ring of evasion
                                b - +3 ring of slaying

@: exhausted, marked, very slightly contaminated, hasted and slowed, somewhat
resistant to hostile enchantments, extremely unstealthy
A: retaliatory headbutt, horns 2, see invisible
a: Berserk, Trog's Hand, Brothers in Arms, Burn Spellbooks, Renounce Religion,
Evoke Berserk Rage
}: 2/15 runes: decaying, serpentine


You were on level 2 of the Vaults.
You worshipped Trog.
Trog was exalted by your worship.
You were very hungry.

You visited 7 branches of the dungeon, and saw 36 of its levels.
You visited the Abyss 1 time.
You also visited: Labyrinth, Sewer, Bailey, Ice Cave and Volcano.

You collected 4152 gold pieces.
You spent 1403 gold pieces at shops.

Inventory:

Hand Weapons
 c - the +5 shortbow "Boim Ete" {venom, rPois}
   (You bought it in a shop on level 8 of the Dungeon)

   It poisons the ammo it fires.
   It protects you from poison.
 x - the +4 glaive "Vaokhom" (weapon) {chop, +Rage rN+}
   (Trog gifted it to you on level 3 of the Snake Pit)

   It inflicts extra damage upon your enemies.
   It protects you from negative energy.
   It lets you go berserk.
 O - a +4 longbow of flaming
Missiles
 h - 807 arrows (quivered)
Armour
 d - the +6 scale mail of Exclusion (worn) {rPois rN+ rCorr Int-2}
   (You took it off a salamander on level 4 of the Snake Pit)

   It affects your intelligence (-2).
   It protects you from poison.
   It protects you from negative energy.
   It protects you from acid and corrosion.
 q - a +1 plate armour of fire resistance
 y - a +2 pair of boots (worn)
 z - a +2 pair of gloves of strength (worn)
 H - a +2 cloak (worn)
 S - a +3 scale mail of cold resistance
Jewellery
 b - a +3 ring of slaying (left hand)
 f - the ring of the Mantidfly {rPois MP+9}
   (You bought it in a shop on level 14 of the Dungeon)

   [ring of poison resistance]

   It protects you from poison.
   It affects your magic capacity (+9).
 i - an amulet of dismissal (around neck)
 u - an uncursed ring of flight
 C - an uncursed amulet of regeneration
 J - an uncursed ring of protection from cold
 V - an uncursed ring of sustain attributes
 X - a +4 ring of evasion (right hand)
Wands
 p - a wand of digging (24/24)
 F - a wand of teleportation (6/9)
Scrolls
 a - 15 scrolls of teleportation
 j - 2 scrolls of fog
 s - 7 scrolls of remove curse
 B - 2 scrolls of recharging
 D - 4 scrolls of magic mapping
 G - a scroll of holy word
 K - 4 scrolls of enchant armour
 N - 3 scrolls of fear
 U - 2 scrolls of blinking
Potions
 e - 13 potions of curing
 l - 3 potions of cancellation
 m - 3 potions of resistance
 n - 9 potions of flight
 r - 7 potions of brilliance
 I - 2 potions of haste
 L - 5 potions of heal wounds
 M - 5 potions of agility
 Q - 4 potions of magic
 R - a potion of cure mutation
 Z - 2 potions of invisibility
Books
 o - a book of Spatial Translocations

   Spells                             Type                      Level
   a - Apportation                    Translocation                1
   b - Blink                          Translocation                2
   c - Shroud of Golubria             Charms/Translocation         2
   d - Portal Projectile              Translocation                3
   e - Teleport Other                 Translocation                3
   f - Passage of Golubria            Translocation                4
   Trog disapproves of the use of such an item.
Miscellaneous
 v - a lamp of fire
 E - a plain deck of changes
 T - a legendary deck of summoning {Water}
Comestibles
 g - a chunk of flesh
 k - 16 meat rations
 t - 12 royal jellies
 w - 22 fruits
 A - 17 bread rations
 W - 2 beef jerkies


   Skills:
 + Level 17.2 Fighting
 * Level 22.6 Polearms
 * Level 20.0 Bows
 + Level 17.1 Armour
 + Level 15.9 Dodging


You had 19 spell levels left.
You didn't know any spells.

Dungeon Overview and Level Annotations

Branches:
Dungeon (15/15)            Temple (0/1) D:4            Lair (8/8) D:11
  Swamp (4/4) Lair:4        Snake (4/4) Lair:5        Slime (0/6) Lair:6
    Orc (2/2) D:12            Elf (1/3) Orc:2        Vaults (2/5) D:14
 Depths (0/5) D:15
  Crypt: Vaults:2-3

Altars:
Cheibriados
Gozag
Kikubaaqudgha
Makhleb
Okawaru
Pakellas
Sif Muna
Trog
Vehumet
Zin
Beogh
Jiyva

Shops:
D:8 *   D:14 :(=   Orc:2 }(![   Snake:3 ?

Portals:
Hell: Lair:8

Annotations:
D:6 Grinder
D:10 Maurice


Innate Abilities, Weirdness & Mutations

You reflexively headbutt those who attack you in melee.
You have a pair of horns on your head.
You have supernaturally acute eyesight.


Message History

The vault warden is lightly wounded.
Firing (i - inventory):
h - 807 arrows (quivered)
Press: ? - help, Shift-Dir - straight line, f/p - vault warden
Aim: a vault warden, wielding a war axe and wearing a chain mail (lightly wounded, poisoned)
Okay, then.
Drink which item? (? for menu, Esc to quit)
You feel yourself speed up.
The vault sentinel blows a loud note on a signal horn!
The vault warden hits you with a war axe!!
* * * LOW HITPOINT WARNING * * *
You are very lightly contaminated with residual magic.
A boggart comes into view.
Wield which item (- for none, * to show all)? (? for menu, Esc to quit)
The +5 shortbow "Boim Ete" {venom, rPois} stops dripping with poison.
x - the +4 glaive "Vaokhom" (weapon)
{chop, +Rage rN+} You are too injured to fight recklessly!
You slice the vault warden!!
The vault warden is heavily wounded.
The vault warden hits you with a war axe!!
You die...

###### ##.#)#)#.#(##...... #....#
#.#.#().#.#.#......
)....##############+#######......
#....+(...............# #####'##
######p...............# #......#
#.((p(...........# #......#
#(..(()CC........# #......#
#....)p()........# #...>..#
#....)g)((p@.....# #......#
################## #......#
########


You could see a fire giant, a stone giant, 2 vault wardens, a vault sentinel and
a boggart.

Vanquished Creatures
  Nikola (Swamp:1)
  A hellephant (Abyss:2)
  2 tentacled monstrosities
  A tentacled starspawn (Abyss:2)
  2 thorn hunters
  Frances (Swamp:1)
  Agnes (D:15)
  Kirke (Snake:2)
  7 greater nagas
  The ghost of Gagarin the Impaler, an adept MiFi of Qazlal (Snake:3)
  Roxanne (Swamp:1)
  A large abomination (Vaults:2)
  A tengu reaver (Vaults:2)
  Maud (Lair:4)
  A frost giant (IceCv)
  5 vault wardens
  An orc warlord (Bailey)
  Louise (Snake:3)
  Aizul (Snake:1)
  A balrug (Abyss:2)
  6 ironheart preservers
  3 very ugly things (Swamp:4)
  A stone giant (Vaults:2)
  2 dire elephants (Lair:8)
  Azrael (D:15)
  3 ettins
  A minotaur (Lab)
  A deep elf death mage (Vaults:2)
  8 ogre magi
  2 fire dragons
  9 vault guards
  The ghost of Aquadorian the Cleaver, a journeyman MiFi of Okawaru (Orc:2)
  2 green deaths (Swamp:4)
  Fannar (Lair:2)
  3 yaktaur captains (Vaults:2)
  Josephine (D:15)
  A rakshasa (Vaults:2)
  15 naga warriors
  27 hydras
  Erolcha (D:9)
  An ice dragon (D:14)
  8 centaur warriors
  A catoblepas (D:14)
  7 alligators
  11 anacondas
  A ghost crab (Swamp:2)
  A dancing weapon (Elf:1)
  Erica (Lair:1)
  7 death yaks
  5 tengu warriors
  A hell knight (D:15)
  5 shock serpents
  10 naga sharpshooters
  3 sun demons
  5 deep elf knights
  4 thrashing horrors
  3 skeletal warriors (D:15)
  4 spriggans
  The ghost of Britaniac the Basher, a novice GrFi of Okawaru (Bailey)
  The ghost of Vincendra the Basher, a novice MiFi of the Shining One (D:8)
  3 salamander mystics
  4 sea snakes (Snake:4)
  A spatial maelstrom (Abyss:2)
  A spriggan druid (Swamp:4)
  An unseen horror (Vaults:1)
  3 shambling mangroves
  A giant orange brain (Abyss:2)
  4 harpies (Vaults:1)
  3 deep elf archers
  10 swamp dragons
  10 naga ritualists
  3 wizards
  2 necromancers
  7 ironbrand convokers
  2 harpies (shapeshifter)
  7 deep elf magi
  11 hill giants
  A wolf spider (Vaults:1)
  6 orc sorcerers
  23 ugly things
  3 oklob plants (Lair:1)
  15 mana vipers
  8 orc knights
  A worldbinder (Abyss:2)
  9 griffons
  A wolf spider (shapeshifter) (Vaults:1)
  3 manticores
  2 hornets (Swamp:4)
  2 cyclopes
  14 salamanders
  11 elephants
  2 guardian serpents (Snake:4)
  A guardian serpent (shapeshifter) (Vaults:1)
  An apocalypse crab (Abyss:2)
  36 naga magi
  50 black mambas
  A molten gargoyle (Volcano)
  An ice statue (IceCv)
  4 orange demons
  A spiny frog (shapeshifter) (D:15)
  25 yaktaurs
  2 smoke demons
  4 vault sentinels
  2 gargoyles
  3 torpor snails (Lair:1)
  20 spiny frogs
  A human zombie (Vaults:2)
  A rime drake (Lair:8)
  3 kobold demonologists
  6 red devils
  A swamp worm zombie (Swamp:3)
  A hellwing (Lair:8)
  7 komodo dragons
  4 ice devils (Lair:8)
  5 trolls
  An ancient zyme (Abyss:2)
  A hydra zombie (Swamp:3)
  2 tengu conjurers
  A jumping spider (shapeshifter) (Vaults:2)
  The ghost of Vincendra the Cudgeler, an amateur MiFi of Okawaru (D:6)
  A queen bee (D:9)
  21 polar bears
  37 slime creatures
  3 jumping spiders (Vaults:1)
  5 giant leeches
  A harpy skeleton (D:12)
  2 boulder beetles
  8 two-headed ogres
  8 blink frogs
  12 bog bodies
  An ettin zombie (Vaults:2)
  A stone giant simulacrum (Vaults:2)
  5 shadows
  A vampire (D:15)
  8 wraiths
  A giant leech zombie (Swamp:3)
  3 redbacks (Vaults:1)
  An ettin skeleton (Vaults:2)
  3 fire elementals (D:15)
  A hog (shapeshifter) (Abyss:2)
  4 hogs (Snake:2)
  41 yaks
  27 vampire mosquitoes
  A chaos spawn (Abyss:2)
  A steam dragon (D:11)
  4 wyverns
  11 hippogriffs
  3 basilisks
  2 humans (D:14)
  9 hungry ghosts
  Menkaure (D:7)
  3 mottled dragons
  19 swamp worms
  Edmund (D:4)
  19 insubstantial wisps
  2 spatial vortices (Abyss:2)
  A soldier ant (D:12)
  34 nagas
  13 wargs
  5 porcupines
  21 water moccasins
  3 hell hounds
  8 swamp drakes
  6 ice beasts
  47 orc warriors
  12 wasps
  3 sky beasts
  2 black bears
  2 phantoms
  A necrophage (D:9)
  28 wolves
  34 ogres
  A boggart (Vaults:2)
  13 centaurs
  18 crocodiles
  Blork the orc (D:4)
  5 big kobolds
  A gnoll sergeant (D:9)
  18 giant frogs
  2 wyvern skeletons (D:10)
  3 scorpions
  32 killer bees
  14 wights
  A vampire bat (D:4)
  2 howler monkeys
  An electric eel (Snake:4)
  6 crimson imps
  3 lava snakes
  A wasp zombie (D:11)
  2 giant frog zombies
  9 hounds
  3 centaur zombies
  3 human simulacra
  6 jellies
  6 centaur skeletons
  17 orc priests
  29 orc wizards
  4 giant frog skeletons
  Ijyb (D:3)
  2 iguanas
  16 worker ants
  A statue (D:6)
  9 sheep
  4 small abominations
  A crocodile zombie (Swamp:3)
  An ogre skeleton (Abyss:2)
  2 hound skeletons
  Robin (D:4)
  99 river rats
  14 adders
  12 gnolls
  A howler monkey skeleton (D:7)
  4 shadow imps
  A white imp (Abyss:2)
  A worker ant simulacrum (D:9)
  A worm (D:3)
  An adder skeleton (D:9)
  2 dart slugs
  3 fire bats (D:4)
  3 giant geckos
  109 orcs
  2 spectral bats (D:4)
  5 ball pythons
  20 bats
  3 bat skeletons (D:4)
  A bat zombie (D:4)
  3 giant cockroaches
  27 goblins
  8 hobgoblins
  9 jackals
  33 kobolds
  A quokka (D:11)
  A bat simulacrum (D:4)
  A giant gecko zombie (D:6)
  7 giant newts
  26 rats
  A bush (Lair:6)
  2 fungi
  7 plants
1699 creatures vanquished.

Vanquished Creatures (collateral kills)
  A fire elemental (D:15)
  2 hell hounds (D:15)
  A crocodile (Lair:8)
4 creatures vanquished.

Vanquished Creatures (others)
  A wolf spider zombie (D:15)
  2 orc warriors (Volcano)
  23 fungi
  17 plants
  2 starspawn tentacles (Abyss:2)
45 creatures vanquished.

Grand Total: 1748 creatures vanquished

Notes
Turn   | Place    | Note
--------------------------------------------------------------
     0 | D:1      | nikopol the Minotaur Berserker began the quest for the Orb.
     0 | D:1      | Reached XP level 1. HP: 19/19 MP: 0/0
    77 | D:1      | Reached XP level 2. HP: 24/27 MP: 1/1
    84 | D:1      | Reached skill level 4 in Polearms
   533 | D:2      | Reached XP level 3. HP: 22/33 MP: 2/2
   558 | D:2      | Reached ** piety under Trog
  1109 | D:2      | Reached XP level 4. HP: 28/40 MP: 3/3
  1213 | D:2      | Found a deep blue altar of Sif Muna.
  1295 | D:2      | Found an ancient bone altar of Kikubaaqudgha.
  1295 | D:2      | Found a glowing silver altar of Zin.
  1526 | D:3      | Noticed an ogre
  1530 | D:3      | Killed an ogre
  1530 | D:3      | Reached skill level 5 in Polearms
  1530 | D:3      | Reached XP level 5. HP: 32/47 MP: 4/4
  1645 | D:3      | Noticed Ijyb
  1656 | D:3      | Killed Ijyb
  1714 | D:3      | Reached skill level 5 in Fighting
  1722 | D:3      | Reached *** piety under Trog
  2356 | D:3      | Reached XP level 6. HP: 56/56 MP: 5/5
  2503 | D:4      | Noticed Edmund
  2512 | D:4      | Killed Edmund
  2605 | D:4      | Reached skill level 5 in Armour
  2631 | D:4      | Reached XP level 7. HP: 40/61 MP: 6/6
  2767 | D:4      | Noticed Robin
  2822 | D:4      | Killed Robin
  2982 | D:4      | Noticed Blork the orc
  2986 | D:4      | Killed Blork the orc
  2986 | D:4      | Reached skill level 6 in Polearms
  3082 | D:4      | Reached **** piety under Trog
  3284 | D:2      | Found a bloodstained altar of Trog.
  3666 | D:4      | Received a gift from Trog
  3697 | D:4      | Found a staircase to the Ecumenical Temple.
  3787 | D:5      | Entered Level 5 of the Dungeon
  3915 | D:5      | Reached skill level 5 in Dodging
  4286 | D:5      | Reached XP level 8. HP: 34/71 MP: 7/7
  4521 | D:5      | Reached skill level 1 in Bows
  4809 | D:6      | Found a glowing drain.
  4812 | D:6      | Noticed Vincendra's ghost (amateur MiFi)
  4819 | D:6      | Killed Vincendra's ghost
  4819 | D:6      | Reached skill level 7 in Polearms
  4864 | Sewer    | Entered a sewer
  4982 | Sewer    | Found a white marble altar of Elyvilon.
  5222 | D:6      | Reached ***** piety under Trog
  5222 | D:6      | Received a gift from Trog
  5492 | D:6      | Found an iron altar of Okawaru.
  5574 | D:6      | Found a radiant altar of Vehumet.
  5792 | D:6      | Reached skill level 8 in Polearms
  5834 | D:6      | Found a radiant altar of Vehumet.
  5995 | D:6      | Noticed Grinder
  6006 | D:6      | Paralysed by Grinder for 3 turns
  6357 | D:6      | Reached XP level 9. HP: 79/79 MP: 8/8
  6506 | D:7      | Noticed Menkaure
  6511 | D:7      | Killed Menkaure
  6720 | D:7      | Reached skill level 9 in Polearms
  6819 | D:7      | Reached skill level 5 in Bows
  7252 | D:8      | Received a gift from Trog
  7433 | D:8      | Noticed Vincendra's ghost (novice MiFi)
  7441 | D:8      | Killed Vincendra's ghost
  7460 | D:8      | Reached XP level 10. HP: 73/89 MP: 9/9
  7673 | D:8      | Found Xopinem's General Store.
  7790 | D:8      | Reached skill level 10 in Polearms
  8437 | D:9      | Noticed a manticore
  8442 | D:9      | Noticed a smoke demon
  8449 | D:9      | Killed a manticore
  8620 | D:9      | Noticed a manticore
  8634 | D:9      | Killed a manticore
  9056 | D:9      | Found an oddly glowing altar of Pakellas.
  9075 | D:9      | Reached skill level 11 in Polearms
  9396 | D:9      | Received a gift from Trog
  9719 | D:9      | Reached XP level 11. HP: 97/97 MP: 10/10
  9724 | D:9      | Received a gift from Trog
 10256 | D:9      | Noticed Erolcha
 10267 | D:9      | Killed Erolcha
 10508 | D:10     | Entered Level 10 of the Dungeon
 11540 | D:10     | Noticed Maurice
 11959 | D:11     | Reached skill level 10 in Fighting
 12049 | D:11     | Noticed a red ugly thing
 12061 | D:11     | Killed a red ugly thing
 12447 | D:11     | Received a gift from Trog
 12447 | D:11     | Reached skill level 12 in Polearms
 13071 | D:11     | Found a staircase to the Lair.
 13208 | D:11     | Noticed a hill giant
 13215 | D:11     | Killed a hill giant
 13368 | D:11     | Reached skill level 10 in Bows
 13728 | D:8      | Bought the +5 shortbow "Boim Ete" {venom, rPois} for 477 gold pieces
 13774 | D:8      | Received a gift from Trog
 13863 | Lair:1   | Entered Level 1 of the Lair of Beasts
 13890 | Lair:1   | Noticed Erica
 13896 | Lair:1   | Killed Erica
 13896 | Lair:1   | Reached skill level 10 in Armour
 13924 | Lair:1   | Reached XP level 12. HP: 92/107 MP: 11/11
 14608 | Lair:1   | Found a snail-covered altar of Cheibriados.
 14845 | Lair:1   | Noticed an eight-headed hydra
 14859 | Lair:1   | Killed an eight-headed hydra
 14865 | Lair:1   | Noticed a five-headed hydra
 14875 | Lair:1   | Killed a five-headed hydra
 15369 | Lair:1   | Reached skill level 13 in Polearms
 15607 | Lair:2   | Noticed Fannar
 15629 | Lair:2   | Killed Fannar
 16064 | Lair:2   | You fall through a shaft for 2 floors!
 16156 | Lair:4   | Noticed Maud
 16177 | Lair:4   | Killed Maud
 16353 | Lair:4   | Received a gift from Trog
 16611 | Lair:4   | Found a staircase to the Swamp.
 16716 | Lair:3   | Reached skill level 10 in Dodging
 16735 | Lair:3   | Received a gift from Trog
 17033 | Lair:3   | Received a gift from Trog
 17240 | Lair:3   | Received a gift from Trog
 17295 | Lair:3   | Reached XP level 13. HP: 116/116 MP: 12/12
 17667 | Lair:3   | Reached skill level 14 in Polearms
 18141 | Lair:4   | Gained mutation: You have supernaturally acute eyesight. [potion of beneficial mutation]
 18642 | Lair:5   | Found a dark tunnel.
 18664 | Volcano  | Entered a volcano
 19010 | Volcano  | Found a radiant altar of Vehumet.
 19012 | Volcano  | Paralysed by an orc sorcerer for 7 turns
 19461 | Lair:5   | Found a staircase to the Snake Pit.
 19632 | Lair:5   | Received a gift from Trog
 19763 | Lair:5   | Reached ****** piety under Trog
 20414 | Lair:6   | Received a gift from Trog
 21025 | Lair:6   | Found a staircase to the Slime Pits.
 21026 | Lair:6   | Found a viscous altar of Jiyva.
 21108 | Lair:6   | Received a gift from Trog
 21619 | Lair:6   | Reached skill level 15 in Polearms
 22161 | Lair:7   | Reached XP level 14. HP: 119/127 MP: 13/13
 22902 | Lair:8   | Entered Level 8 of the Lair of Beasts
 22956 | Lair:8   | Found a labyrinth entrance.
 22965 | Lab      | Entered a labyrinth
 23760 | Lab      | Got a crude spear
 23779 | Lair:8   | Received a gift from Trog
 23793 | Lair:8   | Identified the +8 spear "Ewiluon" {pierce, *Confuse +Fly rPois rF+} (You found it in a labyrinth)
 24335 | Lair:8   | Found a burning altar of Makhleb.
 24519 | Lair:8   | Received a gift from Trog
 24534 | Lair:8   | Found a gateway to Hell.
 25657 | D:12     | Received a gift from Trog
 25671 | D:12     | Reached skill level 16 in Polearms
 25671 | D:12     | Reached XP level 15. HP: 134/134 MP: 14/14
 25848 | D:12     | Reached skill level 17 in Polearms
 26410 | D:12     | Found a staircase to the Orcish Mines.
 26436 | Orc:1    | Entered Level 1 of the Orcish Mines
 26640 | Orc:2    | Entered Level 2 of the Orcish Mines
 26650 | Orc:2    | Found a staircase to the Elven Halls.
 26782 | Orc:2    | Noticed Aquadorian's ghost (journeyman MiFi)
 26797 | Orc:2    | Killed Aquadorian's ghost
 27007 | Orc:2    | Found a roughly hewn altar of Beogh.
 27046 | Orc:2    | Received a gift from Trog
 27049 | Orc:2    | Found Huicwimu's Gadget Shoppe.
 27062 | Orc:2    | Found Irhy's Antique Weapon Boutique.
 27232 | Orc:2    | Bought an encrusted glaive for 368 gold pieces
 27234 | Orc:2    | Identified the +1 glaive of No Interval {antimagic, rC+} (You bought it in a shop on level 2 of the Orcish Mines)
 27648 | Orc:2    | Found Laediaf's Distillery.
 27648 | Orc:2    | Found Leqec's Antique Armour Boutique.
 27673 | Orc:2    | Bought a potion of heal wounds for 70 gold pieces
 27673 | Orc:2    | Bought a potion of heal wounds for 70 gold pieces
 28091 | Orc:1    | Received a gift from Trog
 28233 | Orc:1    | Reached XP level 16. HP: 144/144 MP: 15/15
 28385 | Orc:1    | Found a radiant altar of Vehumet.
 29114 | D:13     | Received a gift from Trog
 29409 | D:14     | Found a frozen archway.
 29425 | IceCv    | Entered an ice cave
 29569 | IceCv    | Received a gift from Trog
 29906 | IceCv    | Reached skill level 18 in Polearms
 29966 | IceCv    | Reached skill level 15 in Bows
 30051 | D:14     | Found a flagged portal.
 30059 | Bailey   | Entered a bailey
 30105 | Bailey   | Noticed Britaniac's ghost (novice GrFi)
 30129 | Bailey   | Received a gift from Trog
 30186 | Bailey   | Found a runed gate.
 30190 | Bailey   | Found a runed gate.
 30206 | Bailey   | Found a runed gate.
 30350 | Bailey   | Killed Britaniac's ghost
 30493 | D:14     | Found Doos's Antique Weapon Shop.
 31038 | D:14     | Found an opulent altar of Gozag.
 31076 | D:14     | Found Koank's Book Emporium.
 31294 | D:14     | Found Goaforu's Jewellery Shoppe.
 31297 | D:14     | Bought the ring of the Mantidfly {rPois MP+9} for 324 gold pieces
 31308 | D:14     | Identified a scroll of acquirement
 31311 | D:14     | Got a twisted shield
 31322 | D:14     | Identified the +2 shield "Ununur Leno" {Str+7} (You acquired it on level 14 of the Dungeon)
 31513 | D:14     | Received a gift from Trog
 31890 | D:14     | Found a gate to the Vaults.
 32369 | D:14     | Got an ichor-stained war axe
 32370 | D:14     | Identified the +3 war axe of Uthugyi {chop, Str+5} (You found it on level 14 of the Dungeon)
 32379 | D:15     | Entered Level 15 of the Dungeon
 32561 | D:15     | Noticed Azrael
 33163 | D:15     | Killed Azrael
 33163 | D:15     | Reached XP level 17. HP: 125/152 MP: 16/16
 33230 | D:15     | Noticed Josephine
 33239 | D:15     | Killed Josephine
 33241 | D:15     | Found a staircase to the Depths.
 33434 | D:15     | Reached skill level 19 in Polearms
 33677 | D:15     | Noticed Agnes
 33689 | D:15     | Killed Agnes
 33783 | D:15     | Received a gift from Trog
 34416 | Swamp:1  | Entered Level 1 of the Swamp
 34455 | Swamp:1  | Noticed Frances
 34471 | Swamp:1  | Killed Frances
 34632 | Swamp:1  | Noticed Nikola
 34659 | Swamp:1  | Killed Nikola
 34862 | Swamp:1  | Noticed Roxanne
 34898 | Swamp:1  | Killed Roxanne
 35892 | Swamp:2  | Received a gift from Trog
 37017 | Swamp:3  | Received a gift from Trog
 37601 | Swamp:3  | Got a smoking arbalest
 37602 | Swamp:3  | Identified the +2 arbalest of the Hall of Blades {penet, rElec rC- Str+3 Dex+4} (You found it on level 3 of the Swamp)
 38163 | Swamp:4  | Entered Level 4 of the Swamp
 38206 | Swamp:4  | Reached XP level 18. HP: 34/162 MP: 17/17
 38340 | Swamp:4  | Reached skill level 20 in Polearms
 38577 | Swamp:4  | Received a gift from Trog
 38604 | Swamp:4  | Reached skill level 15 in Fighting
 39115 | D:14     | Bought a glowing trident for 94 gold pieces
 39599 | Swamp:3  | Received a gift from Trog
 39602 | Swamp:3  | Got an ichor-stained halberd {god gift}
 39942 | Swamp:4  | Reached skill level 15 in Armour
 40104 | Swamp:4  | Noticed a tentacled monstrosity
 40117 | Swamp:4  | Killed a tentacled monstrosity
 40937 | Swamp:4  | Got a decaying rune of Zot
 41543 | Snake:1  | Entered Level 1 of the Snake Pit
 41641 | Snake:1  | You fall through a shaft!
 41746 | Snake:1  | Noticed Aizul
 41764 | Snake:1  | Killed Aizul
 42095 | Snake:1  | Identified the +9 halberd of the Bear {vamp, *Rage rF+ MR+ Str+4} (Trog gifted it to you on level 3 of the Swamp)
 42124 | Snake:1  | Received a gift from Trog
 42130 | Snake:1  | Got a pitted plate armour
 42523 | Snake:1  | Identified the +2 plate armour of Twilight {Int+5 Dex-3} (You found it on level 1 of the Snake Pit)
 43206 | Snake:2  | Received a gift from Trog
 43534 | Snake:2  | Received a gift from Trog
 43600 | Snake:2  | Noticed Kirke
 43614 | Snake:2  | Killed Kirke
 43906 | Snake:3  | Received a gift from Trog
 43910 | Snake:3  | Got a transparent glaive {god gift}
 43911 | Snake:3  | Identified the +4 glaive "Vaokhom" {chop, +Rage rN+} (Trog gifted it to you on level 3 of the Snake Pit)
 44020 | Snake:3  | Found Jallecenk's Magic Scroll Shop.
 44064 | Snake:3  | Noticed Gagarin's ghost (adept MiFi)
 44084 | Snake:3  | Killed Gagarin's ghost
 44572 | Snake:3  | Noticed Louise
 44577 | Snake:3  | Cast into level 2 of the Abyss (Louise)
 44630 | Abyss:2  | Reached skill level 21 in Polearms
 44719 | Abyss:2  | Noticed a hellephant
 44736 | Abyss:2  | Reached XP level 19. HP: 172/172 MP: 18/18
 44752 | Abyss:2  | Killed a hellephant
 44812 | Snake:3  | Escaped the Abyss
 44830 | Snake:3  | Killed Louise
 45340 | Snake:3  | Received a gift from Trog
 45651 | Snake:4  | Entered Level 4 of the Snake Pit
 46483 | Snake:4  | Received a gift from Trog
 46916 | Snake:4  | Reached skill level 15 in Dodging
 47400 | Snake:4  | Received a gift from Trog
 47629 | Snake:4  | Received a gift from Trog
 48732 | Snake:4  | Got a heavily runed scale mail
 48745 | Snake:4  | Identified the +6 scale mail of Exclusion {rPois rN+ rCorr Int-2} (You took it off a salamander on level 4 of the Snake Pit)
 49383 | Snake:4  | Got a serpentine rune of Zot
 49839 | Elf:1    | Entered Level 1 of the Elven Halls
 49849 | Orc:2    | Received a gift from Trog
 50042 | Vaults:1 | Entered Level 1 of the Vaults
 50085 | Vaults:1 | Reached XP level 20. HP: 182/182 MP: 19/19
 50104 | Vaults:1 | Received a gift from Trog
 50141 | Vaults:1 | Reached skill level 22 in Polearms
 50369 | Vaults:1 | Received a gift from Trog
 51169 | Vaults:1 | Received a gift from Trog
 51860 | Vaults:2 | Received a gift from Trog
 52359 | Vaults:2 | Received a gift from Trog
 52789 | Vaults:2 | Slain by a vault warden

Skill      XL: |  1  2  3  4  5  6  7  8  9 10 11 12 13 14 15 16 17 18 19 20 |
---------------+-------------------------------------------------------------+-----
Polearms       | 4 5 6 8 9 11 12 13 15 16 17 18 19 21 22 | 22.6
Armour         | 3 4 5 6 7 8 9 10 12 13 14 15 16 17 | 17.1
Fighting       | 4 5 6 7 8 9 10 11 12 13 14 15 16 17 | 17.2
Dodging        | 3 4 5 6 7 9 10 11 12 13 14 15 | 15.9
Bows           | 3 6 8 10 11 13 14 15 17 18 19 20 | 20.0

Action                   |  1- 3 |  4- 6 |  7- 9 | 10-12 | 13-15 | 16-18 | 19-21 || total
-------------------------+-------+-------+-------+-------+-------+-------+-------++-------
Melee: Spear             |   102 |   119 |   246 |       |       |       |       ||   467
       Headbutt          |    10 |    15 |    47 |   106 |   149 |   283 |   149 ||   759
       Trident           |       |       |   123 |   554 |   664 |   668 |       ||  2009
       Demon trident     |       |       |       |       |     1 |       |       ||     1
       Bardiche          |       |       |       |       |       |    73 |       ||    73
       Halberd           |       |       |       |       |       |    32 |       ||    32
       Glaive            |       |       |       |       |       |   279 |   609 ||   888
 Fire: Shortbow          |       |       |   146 |   603 |   715 |  1517 |   780 ||  3761
       Longbow           |       |       |       |       |       |    18 |       ||    18
Invok: Berserk           |       |     2 |     5 |     8 |     9 |     9 |     4 ||    37
       Burn Spellbooks   |       |       |     2 |     2 |     6 |     2 |     1 ||    13
       Trog's Hand       |       |       |       |     1 |       |       |       ||     1
       Brothers in Arms  |       |       |       |       |       |     1 |       ||     1
Evoke: Wand              |       |       |       |       |       |       |     2 ||     2
  Use: Scroll            |       |       |     9 |    10 |    24 |    16 |     5 ||    64
       Potion            |       |       |     1 |     1 |     2 |       |     3 ||     7
 Stab: Sleeping          |     1 |     3 |     8 |       |     2 |       |     1 ||    15
       Distracted        |       |       |       |     4 |     1 |       |       ||     5
  Eat: Chunk             |     1 |     5 |    19 |    35 |    36 |    44 |    12 ||   152
       Royal jelly       |       |       |     2 |       |       |       |     5 ||     7
       Pizza             |       |       |       |     2 |     4 |       |     1 ||     7
       Beef jerky        |       |       |       |     1 |     1 |    10 |     3 ||    15
       Fruit             |       |       |       |     1 |       |     2 |       ||     3
Armor: Animal skin       |     3 |       |       |       |       |       |       ||     3
       Leather armour    |     7 |       |       |       |       |       |       ||     7
       Ring mail         |     6 |    22 |   101 |   117 |    66 |       |       ||   312
       Scale mail        |       |       |       |    29 |    66 |   346 |   163 ||   604
       Plate armour      |       |       |       |       |       |     1 |       ||     1
Dodge: Dodged            |    63 |    42 |   168 |   284 |   313 |   729 |   493 ||  2092
